 Dungeon Crawl Stone Soup version 0.32-a0-616-g9348d4545b (webtiles) character file.

Game seed: 15115253945242472419

3418 ezpacito the Chopper (level 10, -9/76 HPs)
             Began as a Coglin Chaos Knight on Mar 5, 2024.
             Was a Plaything of Xom.
             Mangled by a two-headed ogre
             ... wielding a +0 giant club
              (18 damage)
             ... on level 8 of the Dungeon.
             The game lasted 00:12:18 (6429 turns).

ezpacito the Chopper (Coglin Chaos Knight)          Turns: 6429, Time: 00:12:18

Health: -9/76      AC: 14    Str: 25    XL:     10   Next: 5%
Magic:  13/13      EV:  8    Int: 10    God:    Xom [....*.]
Gold:   406        SH:  0    Dex: 11    Spells: 6/14 levels left

rFire   . . .        a - +0 hand axe (chaos) {Ari}
rCold   . . .        u - +0 trident {Nenetl}
rNeg    . . .        C - +0 plate armour
rPois   .            (no helmet)
rElec   .            l - +0 cloak
rCorr   .            F - +0 pair of gloves
SInv    .            (no boots)
Will    .....        (amulet unavailable) Stlth
                     (ring unavailable)
HPRegen 0.32/turn    (ring unavailable)
MPRegen 0.13/turn    (no gizmo)

%: no passive effects
@: revved
A: off-hand wielding, slow wielding, warmup strikes, no jewellery, strong 2
a: Invent Gizmo, Renounce Religion


You were on level 8 of the Dungeon.
You worshipped Xom.
You were a beloved toy of Xom.
You visited 2 branches of the dungeon, and saw 9 of its levels.

You collected 406 gold pieces.

Inventory:

Hand Weapons
 a - a +0 hand axe of chaos (weapon) {Ari}
 u - a +0 trident (offhand) {Nenetl}
Missiles
 b - 5 boomerangs
 k - 3 throwing nets
 y - 14 poisoned darts
Armour
 l - a +0 cloak (worn)
 C - a +0 plate armour (worn)
 F - a +0 pair of gloves (worn)
 H - a +3 leather armour of positive energy
Magical Staves
 i - a staff of cold
 o - a staff of alchemy
 z - the staff of Weak Defiance {Str-5 Int+5 Earth}
   (Xom gifted it to you on level 4 of the Dungeon)

   [staff of earth]

   Base accuracy: +5 Base damage: 5 Base attack delay: 1.2 This weapon's minimum
   attack delay (0.6) is reached at skill level 12.
   Str-5:     It affects your strength (-5).
   Int+5:     It affects your intelligence (+5).
   Earth:     It increases the power of your Earth spells.
   It falls into the 'Staves' category.
   It is a one-graspered weapon.
Talismans
 p - a talisman of death
Wands
 e - a wand of flame (10)
 x - a wand of roots (17)
 G - a wand of polymorph (8)
Scrolls
 c - 2 scrolls of silence {unknown}
 d - a scroll of fog {unknown}
 f - a scroll of teleportation {unknown}
 g - 2 scrolls of blinking {unknown}
 j - 4 scrolls of poison
 m - a scroll of amnesia {unknown}
 r - a scroll of revelation {unknown}
 s - a scroll of brand weapon {unknown}
 t - 2 scrolls of enchant weapon {unknown}
 w - a scroll of immolation {unknown}
 B - a scroll of vulnerability {unknown}
Potions
 h - 2 potions of cancellation
 n - 3 potions of enlightenment
 q - a potion of curing
 v - 2 potions of mutation
 A - a potion of attraction {unknown}
 D - a potion of might {unknown}
 E - a potion of berserk rage {unknown}


   Skills:
 * Level 6.1 Fighting
 * Level 6.2(6.7) Axes
 + Level 3.2(4.9) Polearms
 * Level 5.2 Armour
 * Level 4.7 Dodging
 + Level 3.1 Stealth
 + Level 2.4 Unarmed Combat
 + Level 2.6 Spellcasting
 + Level 1.8 Summonings
 + Level 3.3 Alchemy
 + Level 4.4 Evocations


You had 6 spell levels left.
You knew the following spells:

 Your Spells              Type           Power      Damage    Failure   Level
a - Yara's Violent Unrav  Hex/Alch       2%         3d3       100%        5
c - Call Canine Familiar  Summ           5%         N/A       99%         3

Your spell library contained the following spells:

 Spells                   Type           Power      Damage    Failure   Level
 Jinxbite                 Hex            2%         N/A       99%         2
 Sigil of Binding         Hex            1%         N/A       100%        3
 Dimensional Bullseye     Hex/Tloc       0%         N/A       100%        4
 Enfeeble                 Hex            0%         N/A       100%        7


Dungeon Overview and Level Annotations

Branches:
Dungeon (8/15)             Temple (1/1) D:7
   Lair: D:8-11

Altars:
Ashenzari
Cheibriados
Dithmenos
Elyvilon
Gozag
Hepliaklqana
Kikubaaqudgha
Nemelex Xobeh
Okawaru
Qazlal
Ru
Sif Muna
Trog
Uskayaw
Vehumet
Wu Jian
Xom
Yredelemnul
Zin
The Shining One


Innate Abilities, Weirdness & Mutations

You can wield a second weapon in your off-hand.
It takes a long time for you to wield or remove held weapons.
Your first few attacks do less damage.
You cannot equip rings or amulets.
Your muscles are very strong. (Str +8, Int/Dex -2)


Message History

The two-headed ogre escapes!
Hit: a) +0 hand axe (chaos) {Ari}
Press: ? - help, Dir - move target, f/p - two-headed ogre
Aim: a two-headed ogre, wielding two +0 giant clubs (heavily wounded, about 23% to evade your +0 hand axe of chaos)
You reach to attack!
You hit the two-headed ogre with your +0 trident.
The two-headed ogre is heavily wounded.
You hit the two-headed ogre with your +0 hand axe of chaos.
The two-headed ogre seems to speed up.
The two-headed ogre is heavily wounded.
You closely miss the two-headed ogre with your +0 trident.
The two-headed ogre barely misses you.
The two-headed ogre hits you with a +0 giant club.
You take 2 damage, and have 74/76 hp.
You completely miss the two-headed ogre with your +0 hand axe of chaos.
The two-headed ogre is heavily wounded.
You hit the two-headed ogre with your +0 trident.
The two-headed ogre closely misses you.
The two-headed ogre hits you with a +0 giant club!!
A shower of butterflies erupts from you!
You take 22 damage, and have 52/76 hp.
MASSIVE DAMAGE!!
You barely miss the two-headed ogre with your +0 trident.
The two-headed ogre is severely wounded.
You hit the two-headed ogre with your +0 hand axe of chaos.
You freeze the two-headed ogre.
The two-headed ogre hits you but does no damage.
The two-headed ogre closely misses you. The orc closely misses your butterfly.
You puncture the two-headed ogre with your +0 trident!
The two-headed ogre is almost dead.
You hit the two-headed ogre but do no damage.
The two-headed ogre hits you with a +0 giant club! x2
You take 29 damage, and have 23/76 hp.
MASSIVE DAMAGE!!
You hit the two-headed ogre with your +0 hand axe of chaos.
You burn the two-headed ogre.
The two-headed ogre is almost dead.
You barely miss the two-headed ogre with your +0 trident.
The two-headed ogre hits you with a +0 giant club!
* * * LOW HITPOINT WARNING * * *
The two-headed ogre hits you with a +0 giant club!!
You die...

. .. ... ....
.....
......#########
.......obO@bb.#
.......######.#
....... #.#
....... #.#
....... #.#
....... #.#
....... #.#
....... #(# #.#


You could see a two-headed ogre (fast, ally target) and an orc.

Vanquished Creatures
  Pikel (D:5)
  Joseph (D:7)
  Duvessa (D:5)
  3 water moccasins
  2 orc warriors (D:6)
  An ice beast (D:7)
  An ogre (D:4)
  A phantom (D:5)
  A lemure (D:5)
  A kobold brigand (D:6)
  2 bullfrogs
  4 scorpions
  Dowan (D:5)
  5 killer bees (D:7)
  A howler monkey (D:6)
  2 bombardier beetles (D:6)
  2 hounds
  2 jellies
  3 orc priests
  Crazy Yiuf (D:5)
  A gnoll bouda (D:4)
  Natasha (thrice) (D:3)
  2 iguanas (D:5)
  6 orc wizards
  15 gnolls
  7 adders
  2 white imps
  3 ribbon worms (D:2)
  28 orcs
  5 endoplasms
  3 giant cockroaches
  11 goblins
  5 hobgoblins
  10 jackals
  5 quokkas
  4 ball pythons
  4 bats
  3 frilled lizards
  8 kobolds
  5 rats
166 creatures vanquished.

Vanquished Creatures (collateral kills)
  A black bear (D:4)
  An orc (D:4)
  A goblin (D:4)
3 creatures vanquished.

Grand Total: 169 creatures vanquished

Notes
Turn   | Place    | Note
-------+----------+-------------------------------------------
     0 | D:1      | ezpacito the Coglin Chaos Knight began the quest for the
                  | Orb.
     0 | D:1      | Reached XP level 1. HP: 18/18 MP: 1/1
    36 | D:1      | XOM: divination: detect creatures
   218 | D:1      | Reached skill level 1 in Dodging
   218 | D:1      | Reached XP level 2. HP: 21/24 MP: 2/2
   342 | D:1      | XOM: noise
   845 | D:2      | Reached XP level 3. HP: 29/29 MP: 3/3
  1282 | D:2      | XOM: divination: magic mapping
  1340 | D:2      | XOM: god gift: 6 stones
  1553 | D:3      | Reached XP level 4. HP: 29/35 MP: 4/4
  1668 | D:3      | XOM: confuse monster(s)
  1688 | D:3      | Reached skill level 1 in Polearms
  1828 | D:3      | Noticed Natasha
  1835 | D:3      | Killed Natasha
  1836 | D:3      | Reached XP level 5. HP: 34/41 MP: 5/5
  2014 | D:3      | XOM: give mutation
  2014 | D:3      | Gained mutation: You sometimes lose your temper in combat.
                  | [Xom's mischief]
  2086 | D:3      | Reached skill level 1 in Stealth
  2092 | D:3      | Noticed Natasha
  2094 | D:3      | XOM: cleaving
  2097 | D:3      | Killed Natasha
  2116 | D:3      | Reached skill level 1 in Evocations
  2158 | D:3      | XOM: divination: detect items
  2160 | D:3      | Noticed Natasha
  2164 | D:3      | Killed Natasha
  2221 | D:4      | XOM: confuse monster(s)
  2235 | D:4      | Reached skill level 1 in Alchemy
  2255 | D:4      | Reached XP level 6. HP: 48/48 MP: 7/7
  2268 | D:4      | Reached skill level 1 in Spellcasting
  2332 | D:4      | Reached XP level 7. HP: 54/54 MP: 8/8
  2431 | D:4      | XOM: give mutation
  2431 | D:4      | Gained mutation: You have a pair of small horns on your
                  | head. [Xom's grace]
  2920 | D:5      | Entered Level 5 of the Dungeon
  2958 | D:5      | XOM: polymorph gnoll sergeant -> frilled lizard
  2970 | D:4      | Identified the staff of Weak Defiance {Str-5 Int+5 Earth}
                  | (Xom gifted it to you on level 4 of the Dungeon)
  2970 | D:4      | XOM: god gift: staff of Weak Defiance {Str-5 Int+5 Earth}
  2979 | D:4      | Learned a level 3 spell: Call Canine Familiar
  2985 | D:4      | Learned a level 5 spell: Yara's Violent Unravelling
  3221 | D:5      | Noticed Duvessa
  3222 | D:5      | Noticed Dowan
  3228 | D:5      | XOM: enchant monster (good)
  3301 | D:5      | Killed Dowan
  3304 | D:5      | Killed Duvessa
  3305 | D:5      | Reached skill level 1 in Unarmed Combat
  3305 | D:5      | Reached XP level 8. HP: 61/61 MP: 10/10
  3347 | D:5      | XOM: potion effect (heal wounds)
  3711 | D:5      | XOM: silly message
  3782 | D:5      | Noticed Pikel
  3789 | D:5      | XOM: potion effect (heal wounds)
  3791 | D:5      | Killed Pikel
  3792 | D:5      | Reached skill level 5 in Axes
  3931 | D:5      | Found a runed translucent door.
  3932 | D:5      | Noticed Crazy Yiuf
  4133 | D:5      | Killed Crazy Yiuf
  4134 | D:5      | Reached skill level 5 in Fighting
  4224 | D:6      | XOM: god gift: potion of enlightenment
  4232 | D:6      | XOM: polymorph jelly -> goblin
  4389 | D:6      | Reached XP level 9. HP: 37/68 MP: 12/12
  4390 | D:6      | XOM: enchant monster (good)
  4503 | D:6      | Found a radiant altar of Vehumet.
  4617 | D:6      | XOM: divination: detect items
  4621 | D:6      | Reached skill level 1 in Summonings
  5376 | D:7      | Noticed Joseph
  5389 | D:7      | XOM: potion effect (might)
  5394 | D:7      | Killed Joseph
  5452 | D:7      | Found a staircase to the Ecumenical Temple.
  5501 | Temple   | Entered the Ecumenical Temple
  5727 | D:7      | XOM: scenery: 1 doors open
  5751 | D:7      | Reached skill level 5 in Armour
  5754 | D:7      | XOM: 1-stop teleportation journey
  5769 | D:7      | XOM: give mutations
  5769 | D:7      | Gained mutation: Your muscles are strong. (Str +4, Int/Dex
                  | -1) [Xom's mischief]
  5769 | D:7      | Lost mutation: You have a pair of small horns on your head.
                  | [Xom's mischief]
  5769 | D:7      | Lost mutation: You sometimes lose your temper in combat.
                  | [Xom's mischief]
  5769 | D:7      | Gained mutation: Your muscles are very strong. (Str +8,
                  | Int/Dex -2) [Xom's mischief]
  5897 | D:7      | Reached XP level 10. HP: 28/76 MP: 13/13
  6074 | D:7      | You fall into a shaft and drop 1 floor!
  6417 | D:8      | Noticed a two-headed ogre
  6426 | D:8      | XOM: butterfly on damage
  6429 | D:8      | Mangled by a two-headed ogre

Illustrated notes

Levels and vault maps discovered:
D:1:      dpeg_arrival_central, layout_loops_ring
D:2:      layout_basic, grunt_ministairs_10, minmay_close_crescents
D:3:      layout_basic, uniq_natasha
D:4:      layout_loops_ring, grunt_ministairs_8
D:5:      layout_basic, nicolae_grassy_gnolls, uniq_duvessa, uniq_pikel,
          uniq_crazy_yiuf_cottage
D:6:      layout_loops_ring, marbit_many_paths
D:7:      layout_basic, minmay_temple_entry_slanted, uniq_joseph
D:8:      layout_basic, demons_altar, serial_shops, shop, bh_circular_ruins
Temple:   compressed_dpeg_triangle_lava_temple

Skill      XL: |  1  2  3  4  5  6  7  8  9 |
---------------+----------------------------+-----
Dodging        | 1 2 3 4 |  4.7
Armour         | 2 3 4 5 |  5.2
Polearms       | 1 2 3 |  3.2
Stealth        | 1 2 3 |  3.1
Evocations     | 1 2 3 4 |  4.4
Alchemy        | 1 2 3 |  3.3
Axes           | 4 5 6 |  6.2
Spellcasting   | 1 2 |  2.6
Fighting       | 4 5 6 |  6.1
Unarmed Combat | 1 2 |  2.4
Summonings     | 1 |  1.8

Action                     |  1- 3 |  4- 6 |  7- 9 | 10-12 || total
---------------------------+-------+-------+-------+-------++-------
  Melee: Hand axe          |    75 |    70 |   210 |    21 ||   376
         Dagger            |    75 |     2 |       |       ||    77
         Trident           |       |    80 |   236 |    21 ||   337
         Headbutt          |       |       |    40 |       ||    40
  Evoke: Wand              |       |       |       |     2 ||     2
    Use: Scroll            |     2 |     2 |     5 |       ||     9
         Potion            |       |     3 |     4 |       ||     7
   Stab: Confused          |     2 |     2 |     2 |       ||     6
         Invisible         |       |     5 |       |       ||     5
         Paralysed         |       |       |     3 |       ||     3
         Petrifying        |       |       |     1 |       ||     1
         Held in net/web   |       |       |       |     1 ||     1
 Armour: Leather armour    |    30 |       |    22 |       ||    52
         Chain mail        |     8 |    64 |   152 |       ||   224
         Skin              |       |       |    30 |       ||    30
         Plate armour      |       |       |    29 |    20 ||    49
  Dodge: Dodged            |    37 |    32 |   111 |    12 ||   192

Table legend: (Time is in decaauts)
 A = Elapsed time spent in this place.
 B = Non-inter-level travel time spent in this place.
 C = Inter-level travel time spent in this place.
 D = Time resting spent in this place.
 E = Time spent auto-exploring this place.
 F = Levels seen in this place.
 G = Mean time per level.
                   A        B        C        D        E       F      G
               +--------+--------+--------+--------+--------+-----+--------+
         Total |   6577 |   6304 |    273 |    441 |   4660 |   9 |  730.8 |
       Dungeon |   6575 |   6303 |    272 |    441 |   4660 |   8 |  821.9 |
        Temple |      1 |      1 |      0 |      0 |      0 |   1 |    1.0 |
               +--------+--------+--------+--------+--------+-----+--------+

Top non-repeatable levels by time:
     D:7: 1188 daAuts
     D:5: 1047 daAuts
     D:6: 1046 daAuts
     D:4: 1014 daAuts
     D:2: 911 daAuts
     D:1: 709 daAuts
     D:3: 605 daAuts
     D:8: 52 daAuts
  Temple: 1 daAuts
